 Dungeon Crawl Stone Soup version 0.25-a0-577-ga4619f409e (webtiles) character file.

Game seed: 12807213392113204519, levelgen mode: deterministic

24591 ReteAZ the Martial Artist (level 13, -8/101 HPs)
             Began as a Gnoll Gladiator on Mar 2, 2020.
             Was a High Priest of the Shining One.
             Mangled by a yak (13 damage)
             ... on level 4 of the Lair of Beasts.
             The game lasted 00:34:51 (17059 turns).

ReteAZ the Martial Artist (Gnoll Gladiator)        Turns: 17059, Time: 00:34:51

Health: -8/101     AC: 19    Str: 16 (17) XL:     13   Next: 14%
Magic:  22/22      EV: 24    Int: 15      God:    the Shining One [*****.]
Gold:   823        SH:  3    Dex: 17      Spells: 27/27 levels left

rFire    . . .     SeeInvis +   I - +8 glaive of the Guard {elec, +Rage AC+5 SInv}
rCold    . . .     Gourm    .   (shield currently unavailable)
rNeg     + + .     Faith    .   u - +3 troll leather armour {Snorg}
rPois    +         Spirit   .   y - +2 hat
rElec    +         Reflect  +   (no cloak)
rCorr    .         Harm     .   D - +1 pair of gloves
MR       .....                  G - +0 pair of boots
Stlth    +.........             q - +3 amulet of reflection
HPRegen  0.66/turn              t - +5 ring of evasion
MPRegen  0.18/turn              r - ring of poison resistance

@: slowed, glowing, studying Long Blades, very slow
A: distributed training, fangs 1, deterioration 1, low mp 1, screaming 1,
electricity resistance, strong nose
a: Divine Shield, Cleansing Flame, Summon Divine Warrior, Renounce Religion,
Evoke Berserk Rage


You were on level 4 of the Lair of Beasts.
You worshipped the Shining One.
The Shining One was extremely pleased with you.
You were not hungry.

You visited 2 branches of the dungeon, and saw 15 of its levels.
You also visited: Sewer.

You collected 823 gold pieces.

Inventory:

Hand Weapons
 x - a +0 scimitar of flaming
 I - the +8 glaive of the Guard (weapon) {elec, +Rage AC+5 SInv}
   (You found it on level 3 of the Lair of Beasts)

   Occasionally, upon striking a foe, it will discharge some electrical energy
   and cause terrible harm.
   It affects your AC (+5).
   It lets you see invisible.
   It lets you go berserk.
Missiles
 c - 6 throwing nets
 h - 45 poisoned darts (quivered)
 n - 8 javelins
 F - 14 boomerangs
Armour
 f - a +1 plate armour of magic resistance
 u - a +3 troll leather armour (worn) {Snorg}
 v - a +2 robe of the Archmagi
 w - a +2 leather armour of cold resistance
 y - a +2 hat (worn)
 D - a +1 pair of gloves (worn)
 G - a +0 pair of boots (worn)
Jewellery
 q - a +3 amulet of reflection (around neck)
 r - a ring of poison resistance (right hand)
 t - a +5 ring of evasion (left hand)
 K - a +6 ring of intelligence
Wands
 i - a wand of acid (2)
 C - a wand of polymorph (12)
Scrolls
 a - 3 scrolls of teleportation {unknown}
 j - 2 scrolls of remove curse
 k - 5 scrolls of amnesia
 m - 9 scrolls of identify
 o - a scroll of enchant weapon
 B - a scroll of fear {unknown}
 H - a scroll of blinking {unknown}
 J - 2 scrolls of magic mapping
Potions
 g - 2 potions of lignification
 l - a potion of invisibility {unknown}
 p - a potion of stabbing
 s - 2 potions of brilliance
 z - a potion of flight
 A - 2 potions of curing
 E - a potion of might
Books
 b - a manual of Long Blades
Miscellaneous
 e - a tin of tremorstones
Comestibles
 d - 28 rations
 L - 8 chunks of flesh


   Skills:
 + Level 9.2 Fighting
 + Level 7.9 Short Blades
 + Level 9.7 Long Blades
 + Level 7.9 Axes
 + Level 7.9 Maces & Flails
 + Level 7.9 Polearms
 + Level 7.9 Staves
 + Level 7.9 Slings
 + Level 7.9 Bows
 + Level 7.9 Crossbows
 + Level 9.2 Throwing
 + Level 7.9 Armour
 + Level 10.2 Dodging
 + Level 7.9 Stealth
 + Level 7.9 Shields
 + Level 10.2 Unarmed Combat
 + Level 7.9 Spellcasting
 + Level 6.5 Conjurations
 + Level 6.5 Hexes
 + Level 6.5 Charms
 + Level 6.5 Summonings
 + Level 6.5 Necromancy
 + Level 6.5 Translocations
 + Level 6.5 Transmutations
 + Level 6.5 Fire Magic
 + Level 6.5 Ice Magic
 + Level 6.5 Air Magic
 + Level 6.5 Earth Magic
 + Level 6.5 Poison Magic
 + Level 8.6 Invocations
 + Level 7.9 Evocations


You had 27 spell levels left.
You didn't know any spells.
Your spell library contained the following spells:

 Spells                   Type           Power        Failure   Level  Hunger
 Corona                   Hex            ####...      1%          1    None
 Slow                     Hex            ####....     1%          2    None
 Confusing Touch          Hex            ####....     3%          3    ##.....
 Gell's Gravitas          Tloc           ####......   3%          3    ##.....
 Inner Flame              Hex/Fire       ####....     3%          3    ##.....
 Portal Projectile        Hex/Tloc       ####..       3%          3    ##.....
 Cause Fear               Hex            ####......   10%         4    ####...
 Leda's Liquefaction      Hex/Erth       ####......   10%         4    ####...
 Petrify                  Tmut/Erth      ####....     10%         4    ####...
 Summon Lightning Spire   Summ/Air       ####....     10%         4    ####...
 Metabolic Englaciation   Hex/Ice        ####......   26%         5    #####..
 Silence                  Hex/Air        ####......   26%         5    #####..
 Yara's Violent Unravell  Hex/Tmut       ####......   26%         5    #####..
 Conjure Ball Lightning   Conj/Air       ####......   83%         6    #######
 Deflect Missiles         Chrm/Air       ####......   83%         6    #######
 Tornado                  Air            ####......   100%        9    #######


Dungeon Overview and Level Annotations

Branches:
Dungeon (11/15)            Temple (0/1) D:5            Lair (4/6) D:9
  Swamp (0/4) Lair:3        Snake (0/4) Lair:4          Orc (0/2) D:10
  Sewer (visited)

Altars:
Cheibriados
Dithmenos
Elyvilon
Gozag
Kikubaaqudgha
Nemelex Xobeh
Okawaru
Qazlal
Ru
Trog
Wu Jian
Xom
The Shining One

Annotations:
D:7 3 runed translucent doors, exclusion: downstairs, demivan's ghost, novice MiFi
D:9 3 runed translucent doors, Rick's ghost, novice MiBe
Lair:1 exclusion: 2 oklob plants


Innate Abilities, Weirdness & Mutations

Your experience applies equally to all skills.
You have very sharp teeth.
Your uncanny sense of smell can sniff out nearby items.
Your body sometimes deteriorates upon taking damage.
Your magical capacity is low. (-10% MP)
You occasionally shout uncontrollably at your foes.
You are resistant to electric shocks. (rElec)


Message History

* * * LOW HITPOINT WARNING * * *
The guardian serpent misses you. The yak gores you.
* * * LOW HITPOINT WARNING * * *
You feel better.
The guardian serpent closely misses you.
You block the yak's attack.
The guardian serpent coils itself and waves its upper body at you.
You resist with some effort. The yak completely misses you.
The guardian serpent closely misses you.
Your unstable footing causes you to fumble your attack.
The guardian serpent coils itself and waves its upper body at you.
You feel as though you will be slow longer.
You block the yak's attack.
The guardian serpent hits you but does no damage.
The yak gores you!
* * * LOW HITPOINT WARNING * * *
Your unstable footing causes you to fumble your attack.
The guardian serpent completely misses you.
The guardian serpent barely misses you. The yak gores you!
You die...

#..######
#........# ..##
##.......# .## #
#..#......# ##
.. ##.........#
# .>.
#P..#.....##
....##..###...##
........# ##.#
.P.P..S.#######
.#
P##...P@Y≈≈≈≈..
.# #.#...≈≈≈≈≈≈≈
...∆
##.....≈≈≈≈≈#
##.
#........≈≈≈#
..........≈P.#
.....##.####.##
##.#. ... ..#
(.#. ... ##


You could see a guardian serpent and a yak.

Vanquished Creatures
  Snorg (Lair:4)
  2 hydras
  Erica (D:11)
  A two-headed ogre (D:8)
  A death yak (Lair:4)
  A swamp dragon (Lair:3)
  A black mamba (Lair:1)
  Joseph (D:8)
  Psyche (D:10)
  6 spiny frogs
  A komodo dragon (Lair:1)
  2 trolls
  5 blink frogs (Lair:2)
  2 hippogriffs
  Sigmund (D:5)
  39 yaks
  A wyvern (Lair:3)
  Grum (D:8)
  A steam dragon (Lair:4)
  7 porcupines
  4 water moccasins
  3 ice beasts
  5 sky beasts
  5 orc warriors
  2 black bears
  2 ogres
  12 wolves
  2 eyes of draining (D:9)
  A centaur (D:8)
  9 crocodiles
  2 big kobolds
  18 bullfrogs
  6 scorpions
  A wyvern skeleton (D:9)
  9 killer bees
  6 wights
  3 howler monkeys (D:9)
  An electric eel (D:9)
  3 crimson imps
  A centaur zombie (D:6)
  2 bullfrog zombies
  A gnoll shaman (D:9)
  A quasit (D:8)
  14 hounds
  A bullfrog skeleton (D:9)
  A jelly (D:9)
  6 orc priests
  8 iguanas
  Ijyb (D:3)
  4 worker ants
  15 orc wizards
  Natasha (thrice) (D:3)
  A killer bee zombie (D:5)
  2 hound zombies
  3 hound skeletons
  11 gnolls
  A howler monkey skeleton (D:8)
  2 worker ant zombies (D:9)
  11 adders
  2 river rats (Sewer)
  3 shadow imps
  4 worms
  5 dart slugs
  7 leopard geckos
  48 orcs
  5 bats
  10 giant cockroaches
  6 goblins
  7 hobgoblins
  18 jackals
  10 kobolds
  11 quokkas
  A ball python (D:5)
  6 frilled lizards
  2 leopard gecko skeletons (D:5)
  A quokka skeleton (D:4)
  10 rats
415 creatures vanquished.

Vanquished Creatures (others)
  A gnoll (D:3)
  A goblin (D:3)
  4 fungi (Lair:2)
  5 plants
11 creatures vanquished.

Grand Total: 426 creatures vanquished

Notes
Turn   | Place    | Note
-------+----------+-------------------------------------------
     0 | D:1      | ReteAZ the Gnoll Gladiator began the quest for the Orb.
     0 | D:1      | Reached XP level 1. HP: 20/20 MP: 1/1
    47 | D:1      | You fall into a shaft and drop 1 floor!
    63 | D:2      | Reached XP level 2. HP: 26/26 MP: 2/2
   105 | D:1      | You fall into a shaft and drop 1 floor!
   105 | D:2      | Found a glowing golden altar of the Shining One.
   318 | D:2      | Reached XP level 3. HP: 31/31 MP: 3/3
   319 | D:2      | Found an iron altar of Okawaru.
   507 | D:2      | Found a shadowy altar of Dithmenos.
   515 | D:2      | Found a bloodstained altar of Trog.
   548 | D:2      | Found a glowing golden altar of the Shining One.
   566 | D:2      | Reached skill level 1 in Invocations
   590 | D:2      | Became a worshipper of the Shining One
   760 | D:1      | Reached skill level 1 in Short Blades
   760 | D:1      | Reached skill level 1 in Long Blades
   760 | D:1      | Reached skill level 1 in Axes
   760 | D:1      | Reached skill level 1 in Maces & Flails
   760 | D:1      | Reached skill level 1 in Polearms
   760 | D:1      | Reached skill level 1 in Staves
   760 | D:1      | Reached skill level 1 in Slings
   760 | D:1      | Reached skill level 1 in Bows
   760 | D:1      | Reached skill level 1 in Crossbows
   760 | D:1      | Reached skill level 1 in Armour
   760 | D:1      | Reached skill level 1 in Stealth
   760 | D:1      | Reached skill level 1 in Shields
   760 | D:1      | Reached skill level 1 in Spellcasting
   760 | D:1      | Reached skill level 1 in Evocations
   825 | D:1      | Reached XP level 4. HP: 33/38 MP: 5/5
  1363 | D:2      | Found an ancient bone altar of Kikubaaqudgha.
  1364 | D:2      | Found a white marble altar of Elyvilon.
  1370 | D:2      | Found an ornate altar of the Wu Jian Council.
  1910 | D:3      | Noticed Ijyb
  1922 | D:3      | Killed Ijyb
  1922 | D:3      | Reached skill level 1 in Conjurations
  1922 | D:3      | Reached skill level 1 in Hexes
  1922 | D:3      | Reached skill level 1 in Charms
  1922 | D:3      | Reached skill level 1 in Summonings
  1922 | D:3      | Reached skill level 1 in Necromancy
  1922 | D:3      | Reached skill level 1 in Translocations
  1922 | D:3      | Reached skill level 1 in Transmutations
  1922 | D:3      | Reached skill level 1 in Fire Magic
  1922 | D:3      | Reached skill level 1 in Ice Magic
  1922 | D:3      | Reached skill level 1 in Air Magic
  1922 | D:3      | Reached skill level 1 in Earth Magic
  1922 | D:3      | Reached skill level 1 in Poison Magic
  2138 | D:3      | Reached XP level 5. HP: 33/43 MP: 6/6
  2579 | D:3      | Found a stormy altar of Qazlal.
  2796 | D:3      | Noticed Natasha
  2803 | D:3      | Killed Natasha
  2822 | D:3      | Noticed Natasha
  2831 | D:3      | Killed Natasha
  3061 | D:3      | Found a stormy altar of Qazlal.
  3205 | D:3      | Noticed Natasha
  3216 | D:3      | Killed Natasha
  3216 | D:3      | Reached XP level 6. HP: 46/50 MP: 8/8
  3547 | D:4      | Reached * piety under the Shining One
  3549 | D:4      | Found a glowing drain.
  3559 | D:4      | Reached skill level 5 in Fighting
  3559 | D:4      | Reached skill level 5 in Throwing
  3568 | Sewer    | Entered a sewer
  3917 | Sewer    | Found a white marble altar of Elyvilon.
  4011 | D:4      | Found a sparkling altar of Nemelex Xobeh.
  4067 | D:4      | Reached XP level 7. HP: 56/56 MP: 10/10
  4684 | D:5      | Entered Level 5 of the Dungeon
  4695 | D:5      | Noticed Sigmund
  4712 | D:5      | Found a staircase to the Ecumenical Temple.
  5283 | D:5      | Found a sacrificial altar of Ru.
  5292 | D:5      | Found an opulent altar of Gozag.
  5296 | D:5      | Found a shimmering altar of Xom.
  5392 | D:5      | Reached ** piety under the Shining One
  5449 | D:5      | Killed Sigmund
  5449 | D:5      | Reached XP level 8. HP: 43/63 MP: 12/12
  5764 | D:6      | Found a stormy altar of Qazlal.
  6067 | D:6      | Reached XP level 9. HP: 63/69 MP: 14/14
  6164 | D:6      | Reached *** piety under the Shining One
  7328 | D:7      | Found a runed translucent gate.
  7329 | D:7      | Found a runed translucent gate.
  7330 | D:7      | Found a runed translucent gate.
  7331 | D:7      | Noticed demivan's ghost (novice MiFi)
  7389 | D:7      | Reached skill level 5 in Invocations
  7792 | D:8      | Noticed a two-headed ogre
  7866 | D:8      | Reached XP level 10. HP: 63/77 MP: 17/17
  7901 | D:8      | Found a snail-covered altar of Cheibriados.
  8004 | D:8      | Noticed Grum
  8030 | D:8      | Killed Grum
  8380 | D:8      | Reached skill level 5 in Short Blades
  8380 | D:8      | Reached skill level 5 in Long Blades
  8380 | D:8      | Reached skill level 5 in Axes
  8380 | D:8      | Reached skill level 5 in Maces & Flails
  8380 | D:8      | Reached skill level 5 in Polearms
  8380 | D:8      | Reached skill level 5 in Staves
  8380 | D:8      | Reached skill level 5 in Slings
  8380 | D:8      | Reached skill level 5 in Bows
  8380 | D:8      | Reached skill level 5 in Crossbows
  8380 | D:8      | Reached skill level 5 in Armour
  8380 | D:8      | Reached skill level 5 in Stealth
  8380 | D:8      | Reached skill level 5 in Shields
  8380 | D:8      | Reached skill level 5 in Spellcasting
  8380 | D:8      | Reached skill level 5 in Evocations
  8433 | D:8      | Reached **** piety under the Shining One
  8634 | D:8      | Noticed Joseph
  8648 | D:8      | Gained mutation: Your magical capacity is low. (-10% MP)
                  | [potion of mutation]
  8648 | D:8      | Gained mutation: Your body sometimes deteriorates upon
                  | taking damage. [potion of mutation]
  8648 | D:8      | Gained mutation: You occasionally shout uncontrollably at
                  | your foes. [potion of mutation]
  8648 | D:8      | Gained mutation: You are resistant to electric shocks.
                  | (rElec) [potion of mutation]
  8657 | D:8      | Killed Joseph
  8911 | D:8      | Killed a two-headed ogre
  9615 | D:8      | Reached XP level 11. HP: 68/84 MP: 17/17
  9833 | D:9      | You fall into a shaft and drop 2 floors!
  9840 | D:10     | Entered Level 10 of the Dungeon
 10680 | D:9      | Reached skill level 5 in Conjurations
 10680 | D:9      | Reached skill level 5 in Hexes
 10680 | D:9      | Reached skill level 5 in Charms
 10680 | D:9      | Reached skill level 5 in Summonings
 10680 | D:9      | Reached skill level 5 in Necromancy
 10680 | D:9      | Reached skill level 5 in Translocations
 10680 | D:9      | Reached skill level 5 in Transmutations
 10680 | D:9      | Reached skill level 5 in Fire Magic
 10680 | D:9      | Reached skill level 5 in Ice Magic
 10680 | D:9      | Reached skill level 5 in Air Magic
 10680 | D:9      | Reached skill level 5 in Earth Magic
 10680 | D:9      | Reached skill level 5 in Poison Magic
 10731 | D:9      | Found a staircase to the Lair.
 11095 | D:9      | Found a runed translucent gate.
 11095 | D:9      | Found a runed translucent gate.
 11095 | D:9      | Found a runed translucent gate.
 11095 | D:9      | Reached ***** piety under the Shining One
 11095 | D:9      | Noticed Rick's ghost (novice MiBe)
 11709 | D:10     | Noticed Psyche
 11725 | D:10     | Killed Psyche
 12107 | D:10     | Found a staircase to the Orcish Mines.
 12133 | D:11     | Noticed Erica
 12152 | D:11     | Killed Erica
 12420 | D:11     | Noticed a two-headed ogre
 12421 | D:11     | Noticed a green ugly thing
 12509 | Lair:1   | Entered Level 1 of the Lair of Beasts
 12800 | Lair:1   | Noticed an oklob plant
 12839 | Lair:1   | Noticed a six-headed hydra
 12862 | Lair:1   | Killed a six-headed hydra
 12862 | Lair:1   | Reached XP level 12. HP: 30/93 MP: 18/19
 15311 | Lair:3   | Found the +8 glaive of the Guard {elec, +Rage AC+5 SInv}
 15765 | Lair:3   | Reached skill level 10 in Dodging
 15765 | Lair:3   | Reached skill level 10 in Unarmed Combat
 15897 | Lair:3   | Found a staircase to the Swamp.
 16247 | Lair:4   | Noticed Snorg
 16261 | Lair:4   | Killed Snorg
 16261 | Lair:4   | Reached XP level 13. HP: 20/101 MP: 22/22
 17043 | Lair:4   | Found a staircase to the Snake Pit.
 17058 | Lair:4   | HP: 4/101 [yak (14)]
 17059 | Lair:4   | Mangled by a yak

Levels and vault maps discovered:
D:1:      minmay_arrival_diagonal_passages, layout_loops_corners, minmay_tall_x
D:2:      layout_loops_ring, grunt_temple_overflow_open,
          grunt_dithmenos_smoke_and_mirrors, okawaru_trees_2, tso_oasis_becter,
          corner_web_ring, lemuel_statue_altar
D:3:      layout_rooms, grunt_qazlal_clouds, uniq_ijyb, uniq_natasha
D:4:      layout_basic, old_standard_altar, portal_sewer_entry_d
D:5:      layout_basic, minitemple, minmay_temple_entry_antechambers,
          first_ration, uniq_sigmund
D:6:      layout_basic, basic_altar
D:7:      layout_gridville, gammafunk_ghost_split, grunt_ogre_cave
D:8:      layout_rooms, slow_altar_1, minmay_manual_monstrance, uniq_grum,
          uniq_joseph
D:9:      layout_gridville, erik_lair_island, gammafunk_ghost_spectres
D:10:     layout_cave_pools, orc_0_dummy, uniq_psyche
D:11:     layout_grid_maze, trove_entry_hex_spiral, minmay_fractal_squares_5,
          uniq_erica
Lair:1:   layout_chaotic_city, disabler_island
Lair:2:   layout_regular_city, beast_lair_carwin_3
Lair:3:   layout_chaotic_city, minmay_swamp_entry_reptiles
Lair:4:   beast_lair_carwin_large_4, layout_cave_pods,
          minmay_snake_entry_spellcaster, uniq_snorg

Skill      XL: |  1  2  3  4  5  6  7  8  9 10 11 12 |
---------------+-------------------------------------+-----
Invocations    | 1 2 3 4 5 6 7 8 |  8.6
Short Blades   | 1 2 3 4 5 6 7 |  7.9
Long Blades    | 1 2 3 4 6 7 9 |  9.7
Axes           | 1 2 3 4 5 6 7 |  7.9
Maces & Flails | 1 2 3 4 5 6 7 |  7.9
Polearms       | 1 2 3 4 5 6 7 |  7.9
Staves         | 1 2 3 4 5 6 7 |  7.9
Slings         | 1 2 3 4 5 6 7 |  7.9
Bows           | 1 2 3 4 5 6 7 |  7.9
Crossbows      | 1 2 3 4 5 6 7 |  7.9
Armour         | 1 2 3 4 5 6 7 |  7.9
Stealth        | 1 2 3 4 5 6 7 |  7.9
Shields        | 1 2 3 4 5 6 7 |  7.9
Spellcasting   | 1 2 3 4 5 6 7 |  7.9
Evocations     | 1 2 3 4 5 6 7 |  7.9
Conjurations   | 1 2 3 4 5 6 |  6.5
Hexes          | 1 2 3 4 5 6 |  6.5
Charms         | 1 2 3 4 5 6 |  6.5
Summonings     | 1 2 3 4 5 6 |  6.5
Necromancy     | 1 2 3 4 5 6 |  6.5
Translocations | 1 2 3 4 5 6 |  6.5
Transmutations | 1 2 3 4 5 6 |  6.5
Fire Magic     | 1 2 3 4 5 6 |  6.5
Ice Magic      | 1 2 3 4 5 6 |  6.5
Air Magic      | 1 2 3 4 5 6 |  6.5
Earth Magic    | 1 2 3 4 5 6 |  6.5
Poison Magic   | 1 2 3 4 5 6 |  6.5
Fighting       | 5 6 7 8 9 |  9.2
Throwing       | 5 6 7 8 9 |  9.2
Dodging        | 7 8 9 10 | 10.2
Unarmed Combat | 7 8 9 10 | 10.2

Action                   |  1- 3 |  4- 6 |  7- 9 | 10-12 | 13-15 || total
-------------------------+-------+-------+-------+-------+-------++-------
Melee: Unarmed           |    87 |   242 |   450 |   972 |       ||  1751
       Bite              |     6 |    21 |    70 |   145 |     5 ||   247
       Punch             |     2 |     7 |    17 |    48 |     2 ||    76
       Glaive            |       |       |       |    90 |    28 ||   118
       Scimitar          |       |       |       |       |    10 ||    10
Throw: Stone             |     4 |       |       |       |       ||     4
       Throwing net      |     1 |       |       |       |       ||     1
       Dart              |       |     6 |     8 |     9 |       ||    23
Evoke: Wand              |       |       |     1 |     4 |     1 ||     6
       Tin of tremorston |       |       |       |     1 |       ||     1
  Use: Potion            |       |       |       |    11 |     1 ||    12
       Scroll            |       |       |       |     9 |       ||     9
 Stab: Sleeping          |     2 |       |       |       |       ||     2
       Distracted        |     1 |       |       |       |       ||     1
  Eat: Chunk             |       |    10 |    13 |    24 |     3 ||    50
       Ration            |       |       |       |     1 |       ||     1
Armor: Leather armour    |    14 |    46 |    47 |    66 |       ||   173
       Skin              |       |       |       |     3 |       ||     3
       Plate armour      |       |       |       |   271 |    15 ||   286
       Troll leather arm |       |       |       |       |    14 ||    14
Dodge: Dodged            |    63 |   177 |   311 |   902 |    64 ||  1517
Block: Other             |       |       |    42 |   132 |    10 ||   184
       Rpst.: Scimitar   |       |       |       |       |     1 ||     1

Table legend:
 A = Non-vault XP
 B = Vault XP
 C = Vault XP percentage of total XP
 D = Non-vault monster count
 E = Vault monster count
 F = Vault count percentage of total count
                 A         B        C        D         E       F
            +---------+---------+-------+---------+---------+-------
      Total |   25631 |    9499 |  27.0 |     358 |      57 |  13.7
            +---------+---------+-------+---------+---------+-------
        D:1 |      23 |      10 |  30.3 |      13 |       4 |  23.5
        D:2 |      66 |       0 |   0.0 |      27 |       0 |   0.0
        D:3 |     184 |      69 |  27.3 |      26 |       2 |   7.1
        D:4 |     437 |      13 |   2.9 |      22 |       1 |   4.3
        D:5 |     370 |     227 |  38.0 |      19 |       1 |   5.0
        D:6 |    1167 |       0 |   0.0 |      33 |       0 |   0.0
        D:7 |    1723 |     121 |   6.6 |      44 |       1 |   2.2
        D:8 |    3035 |    1404 |  31.6 |      38 |      10 |  20.8
        D:9 |    3471 |     798 |  18.7 |      54 |       9 |  14.3
       D:10 |     947 |     557 |  37.0 |      14 |       2 |  12.5
       D:11 |       0 |     923 | 100.0 |       0 |       1 | 100.0
     Lair:1 |    4599 |       0 |   0.0 |      17 |       0 |   0.0
     Lair:2 |    4825 |     995 |  17.1 |      24 |       6 |  20.0
     Lair:3 |    4405 |     857 |  16.3 |      24 |       4 |  14.3
     Lair:4 |     379 |    3386 |  89.9 |       3 |       5 |  62.5
      Sewer |       0 |     139 | 100.0 |       0 |      11 | 100.0
            +---------+---------+-------+---------+---------+-------
